[Event "Titled Tuesday Blitz January 10 Early 2023"]
[White "Barria Zuniga, Daniel"]
[Black "AidenRchess"]
[WhiteFideId "3400816"]
[WhiteElo "2341"]
[BlackElo "2385"]
[Result "1-0"]
[Round "04"]
[TimeControl "180+2"]
[Date "2023.01.10"]
[WhiteClock "0:00:14"]
[BlackClock "0:00:11"]

1. d4 Nf6 2. c4 g6 3. Nc3 d5 4. Qa4+ Bd7 5. Qb3 dxc4 6. Qxc4 Bg7 7. Nf3 a6 8. g3 b5 9. Qc5 O-O 10. Ne5 Be6 11. Bg2 Nfd7 12. Qa3 Nxe5 13. dxe5 c6 14. Nxb5 Bd5 15. e4 cxb5 16. exd5 Bxe5 17. O-O Nd7 18. Bh6 Re8 19. Rac1 Bd6 20. Qc3 f6 21. Qe3 Ne5 22. f4 Nf7 23. Qe6 Ra7 24. Rc6 Rc7 25. Rfc1 Rxc6 26. dxc6 Bc5+ 27. Kh1 Qd6 28. Bd5 Qxe6 29. Bxe6 Be3 30. Rd1 Bb6 31. Rd7 a5 32. Rb7 Bc5 33. Rxb5 Bd6 34. Rxa5 Rb8 35. b3 Rb6 36. Ra8+ Rb8 37. Rxb8+ Bxb8 38. b4 Bd6 39. b5 Bc7 40. a4 Bb6 41. Kg2 Bc7 42. Kf3 Bb6 43. Ke2 g5 44. Kf3 Bc7 45. Kg4 Kh8 46. Bxf7 gxf4 47. gxf4 Bd8 48. Be6 Bc7 49. Bd7 e6 50. f5 exf5+ 51. Kxf5 Be5 52. h3 Bc3 53. Bf4 Be5 54. Bxe5 h5 55. Bxf6+ Kh7 56. Bh4 Kh6 57. Bc8 Kh7 58. Ba6 Kg7 59. b6 Kf7 60. b7 Kg7 61. b8=Q Kf7 62. Qc7+ Kf8 63. Kf6 Kg8 64. Qg7# 1-0


[Site "https://www.chess.com"]

[Event "Titled Tuesday Blitz January 10 Early 2023"]
[White "Tarasova, Viktoriya"]
[Black "Demin, Vladimir"]
[WhiteFideId "4175840"]
[BlackFideId "4167457"]
[WhiteElo "2226"]
[BlackElo "2430"]
[Result "1-0"]
[Round "04"]
[TimeControl "180+2"]
[Date "2023.01.10"]
[WhiteClock "0:00:16"]
[BlackClock "0:01:03"]

1. d4 Nf6 2. c4 e6 3. Nc3 d5 4. cxd5 exd5 5. Bg5 Be7 6. Qc2 O-O 7. e3 c6 8. Bd3 Nbd7 9. Nge2 Re8 10. O-O Nf8 11. f3 g6 12. Rae1 Ne6 13. Bh4 b5 14. Bf2 Bb7 15. h3 a6 16. e4 c5 17. e5 Nd7 18. Qd2 cxd4 19. Nxd4 Bc5 20. Nxe6 Rxe6 21. f4 b4 22. Na4 Bxf2+ 23. Qxf2 Qa5 24. b3 Rf8 25. Qd4 f6 26. exf6 Rxe1 27. Rxe1 Nxf6 28. Re7 Bc6 29. Nc5 Qxa2 30. Ne6 Rf7 31. Rxf7 Kxf7 32. Nd8+ Kg7 33. Nxc6 Qxb3 34. Ne5 Kf8 35. Qc5+ Ke8 36. Qc6+ Ke7 37. Qc7+ Ke8 38. Bxa6 d4 39. Bb5+ Kf8 40. Qd8+ Kg7 41. Qe7+ Kh6 42. Qxf6 Qe3+ 43. Kh2 1-0


[Site "https://www.chess.com"]

[Event "Titled Tuesday Blitz January 10 Early 2023"]
[White "Djokic, Mihailo"]
[Black "Buscar, Michael"]
[WhiteFideId "976440"]
[BlackFideId "2603616"]
[WhiteElo "2192"]
[BlackElo "2041"]
[Result "1-0"]
[Round "04"]
[TimeControl "180+2"]
[Date "2023.01.10"]
[WhiteClock "0:00:20"]
[BlackClock "0:00:06"]

1. e4 c5 2. Nf3 Nc6 3. d4 cxd4 4. Nxd4 Nf6 5. Nc3 e5 6. Ndb5 h6 7. Nd6+ Bxd6 8. Qxd6 Qe7 9. Qxe7+ Kxe7 10. Be3 d6 11. O-O-O Be6 12. f3 Rhd8 13. Be2 d5 14. exd5 Nxd5 15. Nxd5+ Rxd5 16. Rxd5 Bxd5 17. Rd1 Rd8 18. b3 Be6 19. Rxd8 Kxd8 20. Kb2 Kc7 21. c4 b6 22. Kc3 Ne7 23. g4 f6 24. Bd3 Bf7 25. a4 Bg6 26. Bxg6 Nxg6 27. c5 Nh4 28. cxb6+ axb6 29. Kc4 Kc6 30. f4 Ng2 31. Bd2 exf4 32. Kd4 f3 33. Kd3 Kd5 34. b4 Kc6 35. h3 Kd5 36. Be3 Kc6 37. Ke4 Ne1 38. b5+ Kc7 39. Bf2 Nc2 40. Kxf3 Nb4 41. Ke4 g6 42. h4 1-0


[Site "https://www.chess.com"]

[Event "Titled Tuesday Blitz January 10 Early 2023"]
[White "Jakubowski, Krzysztof"]
[Black "Khalafova, Narmin"]
[WhiteFideId "1112848"]
[BlackFideId "13402625"]
[WhiteElo "2486"]
[BlackElo "2246"]
[Result "1-0"]
[Round "04"]
[TimeControl "180+2"]
[Date "2023.01.10"]
[WhiteClock "0:00:15"]
[BlackClock "0:00:11"]

1. c4 e5 2. Nc3 Nf6 3. e3 Bb4 4. Nge2 O-O 5. a3 Be7 6. d4 d6 7. g3 h5 8. h3 c6 9. Bg2 Be6 10. b3 Qc8 11. Bb2 Na6 12. Rc1 Nc7 13. f4 exf4 14. Nxf4 h4 15. gxh4 Bf5 16. e4 Bh7 17. O-O Ne6 18. Qd2 Nxf4 19. Qxf4 Nh5 20. Qf3 Bg6 21. Nd1 Bxh4 22. Ne3 Ng3 23. d5 Bxe4 24. Qf2 Bxg2 25. Qxg2 g6 26. Rf4 Qd8 27. dxc6 bxc6 28. Kh2 Qg5 29. Rxh4 Qxe3 30. Rh8# 1-0


[Site "https://www.chess.com"]

[Event "Titled Tuesday Blitz January 10 Early 2023"]
[White "Wahedi, Ahmad Siar"]
[Black "Melnichuk, Mikhail"]
[WhiteFideId "4651260"]
[BlackFideId "14117533"]
[WhiteElo "2274"]
[BlackElo "2327"]
[Result "1-0"]
[Round "04"]
[TimeControl "180+2"]
[Date "2023.01.10"]
[WhiteClock "0:00:11"]
[BlackClock "0:00:02"]

1. e4 e5 2. Nf3 Nf6 3. Bb5 Nxe4 4. O-O Nd6 5. Ba4 Nc6 6. Re1 Be7 7. Nxe5 O-O 8. d4 Nf5 9. c3 Nxe5 10. dxe5 d6 11. exd6 Bxd6 12. h3 Bd7 13. Bc2 Re8 14. Rxe8+ Qxe8 15. Nd2 g6 16. Ne4 Be7 17. Bf4 c6 18. Qd2 Rd8 19. Re1 Be6 20. Qc1 Qd7 21. Bg5 Bxg5 22. Qxg5 Qe7 23. Qf4 Bd5 24. g4 Qh4 25. Qc7 Bxe4 26. Bxe4 Nd6 27. Bg2 Nc4 28. Qxb7 Nd2 29. Qxc6 Kg7 30. Qc5 Qf6 31. Qxa7 Rd6 32. Qc5 Nf3+ 33. Bxf3 Qxf3 34. Qxd6 Qxh3 35. Qe5+ Kg8 36. Qg3 1-0


[Site "https://www.chess.com"]

[Event "Titled Tuesday Blitz January 10 Early 2023"]
[White "Perez Rodriguez, Luis Manuel"]
[Black "Lamaze, Simon"]
[WhiteFideId "3503364"]
[BlackFideId "36069264"]
[WhiteElo "2329"]
[BlackElo "2363"]
[Result "1-0"]
[Round "04"]
[TimeControl "180+2"]
[Date "2023.01.10"]
[WhiteClock "0:00:39"]
[BlackClock "0:00:07"]

1. e4 f5 2. e5 d5 3. d4 e6 4. h4 Be7 5. Ne2 a6 6. Nf4 c5 7. c4 Nc6 8. cxd5 exd5 9. dxc5 d4 10. Qh5+ Kf8 11. Ng6+ hxg6 12. Qxh8 Nxe5 13. Bg5 Bxg5 14. hxg5 Qxg5 15. Nd2 Be6 16. Qh4 Qf6 17. Qxd4 Rd8 18. Qc3 Ne7 19. Rh8+ Bg8 20. Nf3 Nxf3+ 21. gxf3 Qe6+ 22. Be2 Nd5 23. Qc4 Re8 24. O-O-O Rd8 25. f4 g5 26. Bf3 Nxf4 27. Rxd8+ Ke7 28. Qxe6+ Bxe6 29. Rb8 Kf6 30. Rxb7 g4 31. Bd1 Nd3+ 32. Kd2 Nxf2 33. Rh2 Ne4+ 34. Ke3 Nxc5 35. Rb6 g5 36. b4 Nd7 37. Rd6 Ke5 38. Rxe6+ Kxe6 39. Rh6+ Ke5 40. Bxg4 fxg4 41. Rxa6 g3 42. Kf3 Kd5 43. Kxg3 Kc4 44. a3 Kb5 45. Rg6 Nb6 46. Rxg5+ Ka4 47. Ra5+ Kb3 48. Kf4 Nc4 49. Ra8 1-0


[Site "https://www.chess.com"]

[Event "Titled Tuesday Blitz January 10 Early 2023"]
[White "Golubev, Mikhail"]
[Black "Kotepalli, Sai Nirupama"]
[WhiteFideId "14100983"]
[BlackFideId "5039444"]
[WhiteElo "2461"]
[BlackElo "1910"]
[Result "1-0"]
[Round "04"]
[TimeControl "180+2"]
[Date "2023.01.10"]
[WhiteClock "0:01:31"]
[BlackClock "0:01:15"]

1. e4 c5 2. Nf3 e6 3. d4 cxd4 4. Nxd4 Nf6 5. Nc3 Nc6 6. a3 a6 7. Nxc6 bxc6 8. e5 Nd5 9. Nxd5 cxd5 10. Bd3 d6 11. Bf4 Qc7 12. Qe2 Be7 13. O-O h6 14. Qg4 g5 15. exd6 Bxd6 16. Bxd6 Qxd6 17. Qd4 e5 18. Rae1 f6 19. f4 gxf4 20. Qxf4 Ke7 21. Qg3 Be6 22. Rxf6 e4 23. Qg7+ 1-0


[Site "https://www.chess.com"]

[Event "Titled Tuesday Blitz January 10 Early 2023"]
[White "Bilan, Danila"]
[Black "Liu, Casper"]
[WhiteFideId "24161918"]
[BlackFideId "1454153"]
[WhiteElo "2303"]
[BlackElo "2278"]
[Result "1-0"]
[Round "04"]
[TimeControl "180+2"]
[Date "2023.01.10"]
[WhiteClock "0:00:08"]
[BlackClock "0:01:51"]

1. d4 Nf6 2. Nf3 e6 3. g3 b6 4. Bg2 Bb7 5. O-O Be7 6. c4 O-O 7. d5 exd5 8. Nh4 Ne4 9. cxd5 f5 10. Nxf5 Rxf5 11. Bxe4 Rf8 12. Qd3 h6 13. d6 Ba6 14. Qb3+ Kh8 15. dxe7 Qxe7 16. Bxa8 c6 17. Nc3 d5 18. Qa3 Qf7 19. Bxc6 d4 20. Nb5 Rc8 21. Nd6 Qe6 22. Nxc8 Bxe2 23. Qf8+ Kh7 24. Re1 Nxc6 25. Qd6 Qg4 26. Qf4 Bf3 27. Qxg4 Bxg4 28. Ne7 Nb4 29. Re4 Nd3 30. Rxg4 Ne1 31. Rf4 Nf3+ 32. Rxf3 d3 33. Rxd3 b5 34. Nd5 b4 35. Nxb4 1-0


[Site "https://www.chess.com"]

[Event "Titled Tuesday Blitz January 10 Early 2023"]
[White "Nugumanov, Bakhtiyar"]
[Black "Borgaonkar Akshay"]
[WhiteFideId "13701797"]
[BlackFideId "25639110"]
[WhiteElo "2316"]
[BlackElo "1991"]
[Result "0-1"]
[Round "04"]
[TimeControl "180+2"]
[Date "2023.01.10"]
[WhiteClock "0:00:02"]
[BlackClock "0:00:48"]

1. Nf3 Nf6 2. c4 g6 3. Nc3 Bg7 4. g3 O-O 5. Bg2 c5 6. O-O Nc6 7. d4 d5 8. dxc5 dxc4 9. Qa4 Nd5 10. Qxc4 Nxc3 11. bxc3 Be6 12. Qb5 Bxc3 13. Bb2 Bxb2 14. Qxb2 Qc7 15. Rfd1 Rfd8 16. Rac1 Rxd1+ 17. Rxd1 Rd8 18. Rb1 Bf5 19. Qxb7 Qxb7 20. Rxb7 Rd1+ 21. Bf1 Nd4 22. Kg2 Be4 23. Rb8+ Kg7 24. Rd8 e5 25. Rd7 Rc1 26. Rxa7 Rxc5 27. a4 Rc2 28. a5 Nxe2 29. Bxe2 Rxe2 30. a6 Ra2 31. Rc7 Ra3 32. a7 Bxf3+ 33. Kh3 Ra5 0-1


[Site "https://www.chess.com"]

[Event "Titled Tuesday Blitz January 10 Early 2023"]
[White "Kamalidenova, Meruert"]
[Black "Pham, Khoi"]
[WhiteFideId "13712802"]
[BlackFideId "1054988"]
[WhiteElo "2350"]
[BlackElo "2355"]
[Result "0-1"]
[Round "04"]
[TimeControl "180+2"]
[Date "2023.01.10"]
[WhiteClock "0:00:03"]
[BlackClock "0:00:27"]

1. d4 Nf6 2. Nf3 d5 3. g3 Bf5 4. Bg2 h6 5. O-O e6 6. c4 c6 7. Nc3 Be7 8. Nd2 O-O 9. h3 Nbd7 10. e4 dxe4 11. Ndxe4 Nxe4 12. Nxe4 Nf6 13. Nc3 Qc7 14. Qb3 Rfd8 15. Be3 Rac8 16. Rfd1 b6 17. Rac1 Bg6 18. d5 exd5 19. cxd5 c5 20. Bf4 Qd7 21. d6 Bf8 22. Be5 Ne8 23. Rd2 c4 24. Qa3 Bd3 25. Be4 Rc5 26. Bxd3 cxd3 27. Bd4 Ra5 28. Qb3 Qxd6 29. Rxd3 Qg6 30. Rcd1 Nd6 31. Be3 Rc8 32. Bf4 Nc4 33. Nd5 Qe6 34. Rd4 Rac5 35. Nb4 Rb5 36. a3 g5 37. Be3 a5 38. Qa4 Nxe3 39. Qxb5 axb4 40. Re1 Qxh3 41. fxe3 Qxg3+ 42. Kf1 Qf3+ 43. Kg1 Rc2 0-1


[Site "https://www.chess.com"]

[Event "Titled Tuesday Blitz January 10 Early 2023"]
[White "Andreev, Eduard"]
[Black "Doluhanova, Evgeniya"]
[WhiteFideId "14103400"]
[BlackFideId "14112035"]
[WhiteElo "2413"]
[BlackElo "2275"]
[Result "1-0"]
[Round "04"]
[TimeControl "180+2"]
[Date "2023.01.10"]
[WhiteClock "0:00:27"]
[BlackClock "0:00:10"]

1. e4 e5 2. Nf3 Nc6 3. d4 exd4 4. Nxd4 Bc5 5. Nb3 Bb6 6. Qe2 d6 7. Nc3 Nf6 8. Be3 Be6 9. O-O-O Qe7 10. Nd5 Bxd5 11. exd5 Bxe3+ 12. fxe3 Ne5 13. Qb5+ Ned7 14. Qxb7 Qxe3+ 15. Kb1 O-O 16. Qxc7 a5 17. a4 Rfc8 18. Qxd6 Rxc2 19. Kxc2 Rc8+ 20. Kb1 Qxb3 21. Bb5 Nc5 22. Qg3 Qb4 23. Qc3 Qe4+ 24. Qc2 Qg4 25. h3 Qb4 26. Qd2 Qe4+ 27. Qc2 Qb4 28. Rhe1 g6 29. Qc3 Qf4 30. Rf1 Qe4+ 31. Bd3 Nxd3 32. Qxc8+ Kg7 33. Qc2 1-0


[Site "https://www.chess.com"]

[Event "Titled Tuesday Blitz January 10 Early 2023"]
[White "Gatterer, Florian"]
[Black "Ezat, Mohamed"]
[WhiteFideId "811688"]
[BlackFideId "10600906"]
[WhiteElo "2170"]
[BlackElo "2402"]
[Result "0-1"]
[Round "04"]
[TimeControl "180+2"]
[Date "2023.01.10"]
[WhiteClock "0:01:10"]
[BlackClock "0:01:29"]

1. d4 Nf6 2. c4 d6 3. Nc3 g6 4. e4 Bg7 5. h3 O-O 6. Be3 e5 7. d5 Na6 8. g4 Nc5 9. Qc2 a5 10. Nf3 Nfd7 11. Nd2 Nb6 12. Be2 f5 13. O-O-O a4 14. f3 fxe4 15. Bxc5 exf3 16. Bxb6 fxe2 17. Rde1 cxb6 18. Rxe2 Bh6 19. Kb1 a3 20. b3 Rf4 21. Nde4 Qe7 22. Nb5 Bd7 23. Nbxd6 Raf8 24. Rhe1 Rf1 25. Qd3 Qh4 26. Rxf1 Rxf1+ 27. Kc2 Rc1# 0-1


[Site "https://www.chess.com"]

[Event "Titled Tuesday Blitz January 10 Early 2023"]
[White "Jimenez, Joaquin"]
[Black "Berezin, Viktor"]
[WhiteFideId "109860"]
[BlackFideId "14107872"]
[WhiteElo "2195"]
[BlackElo "2307"]
[Result "1-0"]
[Round "04"]
[TimeControl "180+2"]
[Date "2023.01.10"]
[WhiteClock "0:00:54"]
[BlackClock "0:00:03"]

1. e4 g6 2. d4 Bg7 3. Nc3 d6 4. Be3 Nf6 5. f3 O-O 6. Qd2 c6 7. h4 h5 8. O-O-O b5 9. Nh3 Qa5 10. Kb1 b4 11. Ne2 Nbd7 12. Bh6 e5 13. Bxg7 Kxg7 14. Ng5 c5 15. d5 Nb6 16. Nc1 c4 17. Qe3 Bd7 18. Be2 c3 19. Nb3 Qa4 20. Rdg1 cxb2 21. g4 Rac8 22. gxh5 Nxh5 23. Bd3 Nc4 24. Bxc4 Rxc4 25. Nxf7 Kxf7 26. Rxg6 Nf4 27. Rxd6 Rfc8 28. Rh2 Rxc2 29. Rxd7+ Ke8 30. Rxc2 Rxc2 31. Rxa7 Qb5 32. Kxc2 Qc4+ 33. Kxb2 Nd3+ 34. Kb1 Qc3 35. Qd2 Qc4 36. Ra8+ Kf7 37. Ra7+ Ke8 38. Rb7 Kd8 39. d6 Kc8 40. Rc7+ 1-0


[Site "https://www.chess.com"]

[Event "Titled Tuesday Blitz January 10 Early 2023"]
[White "Khamdamova, Afruza"]
[Black "Balint, Vilmos"]
[WhiteFideId "14210444"]
[BlackFideId "718050"]
[WhiteElo "2162"]
[BlackElo "2169"]
[Result "1-0"]
[Round "04"]
[TimeControl "180+2"]
[Date "2023.01.10"]
[WhiteClock "0:00:32"]
[BlackClock "0:01:47"]

1. e4 e5 2. Nf3 Nc6 3. Bb5 Nf6 4. O-O Bc5 5. c3 O-O 6. d4 Bb6 7. Re1 d6 8. h3 h6 9. Bxc6 bxc6 10. dxe5 dxe5 11. Qxd8 Rxd8 12. Nbd2 Re8 13. Nc4 Nd7 14. Be3 f6 15. Rad1 Nc5 16. Bxc5 Bxc5 17. Na5 Rb8 18. b4 Bf8 19. Nxc6 Rb6 20. Na5 Be6 21. a3 c5 22. Nd2 cxb4 23. cxb4 Rc8 24. Rc1 Rbb8 25. Ndc4 Be7 26. Ne3 Bd8 27. Nc6 Rb6 28. Nxa7 Ra8 29. Nc6 Bc7 30. Ne7+ 1-0


[Site "https://www.chess.com"]

[Event "Titled Tuesday Blitz January 10 Early 2023"]
[White "Defend, Balint"]
[Black "Matveeva, Olga"]
[WhiteFideId "17004853"]
[BlackFideId "24107018"]
[WhiteElo "1673"]
[BlackElo "2128"]
[Result "1-0"]
[Round "04"]
[TimeControl "180+2"]
[Date "2023.01.10"]
[WhiteClock "0:00:41"]
[BlackClock "0:00:08"]

1. e4 e6 2. d4 d5 3. Nc3 Nf6 4. e5 Nfd7 5. Nce2 c5 6. f4 Nc6 7. Nf3 f6 8. c3 Be7 9. g3 O-O 10. Bh3 f5 11. Bg2 b5 12. a3 a5 13. O-O b4 14. axb4 cxb4 15. h3 Ba6 16. g4 g6 17. g5 Qb6 18. Rf2 Rfc8 19. h4 bxc3 20. bxc3 Bc4 21. h5 Kf7 22. Ng3 Qb3 23. Qe1 Qb5 24. Nh4 a4 25. Qd1 Rh8 26. Bf1 a3 27. Qc2 Rhb8 28. Ngxf5 exf5 29. Nxf5 gxf5 30. Qxf5+ Ke8 31. Bxc4 dxc4 32. g6 hxg6 33. hxg6 Qd5 34. Qg4 Nxd4 35. cxd4 Qxd4 36. g7 Kf7 37. e6+ Kg8 38. exd7 Rb2 39. Bxb2 1-0


[Site "https://www.chess.com"]

[Event "Titled Tuesday Blitz January 10 Early 2023"]
[White "Vasques, Antonio Pedro Freixial"]
[Black "Mika, Tomasz"]
[WhiteFideId "1908332"]
[BlackFideId "1132970"]
[WhiteElo "2214"]
[BlackElo "2169"]
[Result "1-0"]
[Round "04"]
[TimeControl "180+2"]
[Date "2023.01.10"]
[WhiteClock "0:02:01"]
[BlackClock "0:01:24"]

1. e4 c6 2. d4 d5 3. Nc3 dxe4 4. Nxe4 Bf5 5. Ng3 Bg6 6. Nf3 Nd7 7. h4 h6 8. h5 Bh7 9. Bd3 Bxd3 10. Qxd3 Ngf6 11. Bf4 Qa5+ 12. Bd2 Qc7 13. O-O-O e6 14. Kb1 Be7 15. Ne4 O-O 16. Nxf6+ Nxf6 17. g4 Nxg4 18. Qe2 Kh8 19. Rhg1 Nf6 20. Ne5 Rad8 21. Qe3 c5 22. Rxg7 1-0


[Site "https://www.chess.com"]

[Event "Titled Tuesday Blitz January 10 Early 2023"]
[White "surrenderPLS"]
[Black "Fathy, Elameir"]
[BlackFideId "10600396"]
[WhiteElo "2533"]
[BlackElo "2300"]
[Result "1-0"]
[Round "04"]
[TimeControl "180+2"]
[Date "2023.01.10"]
[WhiteClock "0:02:26"]
[BlackClock "0:00:29"]

1. e4 c5 2. Nf3 d6 3. d4 cxd4 4. Nxd4 Nf6 5. Nc3 a6 6. Bg5 e6 7. f4 Be7 8. Qf3 Qc7 9. O-O-O Nbd7 10. g4 h6 11. Bxf6 Bxf6 12. h4 Nb6 13. g5 Bxd4 14. Rxd4 Qc5 15. Qd3 hxg5 16. b4 Qc7 17. fxg5 Ke7 18. h5 e5 19. Nd5+ Nxd5 20. Rc4 Qb6 21. exd5 Bd7 22. h6 Bb5 23. Qf3 f6 24. hxg7 1-0


[Site "https://www.chess.com"]

[Event "Titled Tuesday Blitz January 10 Early 2023"]
[White "Wilson, Elvin"]
[Black "Reprintsev, Alexander"]
[WhiteFideId "2014874"]
[BlackFideId "14100541"]
[WhiteElo "2183"]
[BlackElo "2253"]
[Result "1-0"]
[Round "04"]
[TimeControl "180+2"]
[Date "2023.01.10"]
[WhiteClock "0:00:19"]
[BlackClock "0:01:05"]

1. c4 e5 2. Nc3 Nc6 3. g3 Bc5 4. Bg2 Nf6 5. Nf3 d6 6. O-O Bf5 7. d3 Qd7 8. a3 Bh3 9. b4 Bd4 10. Bb2 h5 11. e3 Bxc3 12. Bxc3 Bxg2 13. Kxg2 h4 14. b5 hxg3 15. fxg3 Qh3+ 16. Kg1 Ne7 17. Qe2 Ng4 18. Rae1 f6 19. Qg2 Qh6 20. Bd2 Qg6 21. e4 O-O-O 22. Nh4 Qf7 23. a4 Kb8 24. a5 g5 25. Nf3 Rh7 26. Nxg5 fxg5 27. Rxf7 Rxf7 28. Rf1 Rh7 29. h3 Nh6 30. Bxg5 Rdh8 31. Rf3 Nc8 32. Bxh6 Rxh6 33. g4 a6 34. g5 Rg6 35. Rf6 Rg7 36. Qg4 axb5 37. cxb5 Ne7 38. h4 Ng6 39. h5 Nf4 40. h6 Rgh7 41. b6 Nxd3 42. bxc7+ Rxc7 43. Qf3 Rc1+ 44. Kh2 Nf4 45. Rxf4 exf4 46. Qxf4 Rc2+ 47. Kg3 Rhc8 48. Qxd6+ Ka8 49. h7 R8c3+ 50. Kf4 Rf2+ 51. Ke5 Rh3 52. g6 Rfh2 53. Qd8+ Ka7 54. Qb6+ Ka8 55. a6 bxa6 56. Qxa6+ Kb8 57. Qb6+ Kc8 58. g7 Rh5+ 59. Kd4 1-0


[Site "https://www.chess.com"]

[Event "Titled Tuesday Blitz January 10 Early 2023"]
[White "Gaitan, Juan Manuel"]
[Black "Zanette, Edgard Vinicius"]
[WhiteFideId "121657"]
[BlackFideId "2109263"]
[WhiteElo "2328"]
[BlackElo "2085"]
[Result "1-0"]
[Round "04"]
[TimeControl "180+2"]
[Date "2023.01.10"]
[WhiteClock "0:00:57"]
[BlackClock "0:00:02"]

1. d4 Nf6 2. c4 e6 3. Nf3 b6 4. g3 Bb7 5. Bg2 Be7 6. O-O O-O 7. Nc3 Ne4 8. Bd2 Nxc3 9. Bxc3 d6 10. d5 e5 11. e4 a5 12. b3 Nd7 13. Re1 g6 14. a3 Bf6 15. b4 axb4 16. axb4 Qe7 17. Qc2 Bg7 18. Bh3 Nf6 19. Bd2 Rxa1 20. Rxa1 Ra8 21. Rxa8+ Bxa8 22. Be3 Bb7 23. c5 bxc5 24. bxc5 Qd8 25. Qb3 Ba6 26. Nd2 dxc5 27. Bxc5 Nd7 28. Be3 Bf8 29. Qa4 Bc8 30. Qa8 Be7 31. Nc4 Nb6 32. Bxb6 Bxh3 33. Qxd8+ Bxd8 34. Ba5 f6 35. d6 cxd6 36. Bxd8 Kf7 37. Ne3 Be6 38. Kf1 f5 39. f3 fxe4 40. fxe4 Ke8 41. Bg5 Kd7 42. Ke2 Bh3 43. g4 h5 44. Kf2 1-0


[Site "https://www.chess.com"]

[Event "Titled Tuesday Blitz January 10 Early 2023"]
[White "Abdilkhair, Abilmansur"]
[Black "Lacasa Diaz, Jose Antonio"]
[WhiteFideId "13716417"]
[BlackFideId "2203375"]
[WhiteElo "2268"]
[BlackElo "2359"]
[Result "0-1"]
[Round "04"]
[TimeControl "180+2"]
[Date "2023.01.10"]
[WhiteClock "0:01:02"]
[BlackClock "0:01:39"]

1. d4 d5 2. c4 e6 3. cxd5 exd5 4. Nc3 c5 5. Nf3 Nc6 6. g3 Nf6 7. Bg2 cxd4 8. Nxd4 Bc5 9. Nb3 Bb6 10. O-O d4 11. Na4 O-O 12. Bg5 h6 13. Nxb6 axb6 14. Bxf6 Qxf6 15. Bxc6 bxc6 16. Qxd4 Rd8 17. Qxb6 Ba6 18. Rfd1 Rxd1+ 19. Rxd1 Bxe2 20. Rd2 Bf3 21. a3 Re8 22. Qe3 Rxe3 23. fxe3 Bd5 24. Rxd5 cxd5 25. Nd4 Qb6 26. b3 Qa5 27. a4 Qe1+ 28. Kg2 Qxe3 29. Nc6 Qxb3 30. Ne7+ Kf8 31. Nxd5 Qxd5+ 0-1


[Site "https://www.chess.com"]

[Event "Titled Tuesday Blitz January 10 Early 2023"]
[White "Lahav, Michal"]
[Black "Ladan, Nicholas"]
[WhiteFideId "2813742"]
[BlackFideId "30918855"]
[WhiteElo "2187"]
[BlackElo "2228"]
[Result "0-1"]
[Round "04"]
[TimeControl "180+2"]
[Date "2023.01.10"]
[WhiteClock "0:00:08"]
[BlackClock "0:01:20"]

1. c4 e5 2. g3 Nc6 3. Bg2 Bc5 4. e3 a6 5. Ne2 d6 6. O-O h5 7. d4 Ba7 8. h4 g5 9. Bxc6+ bxc6 10. dxe5 gxh4 11. exd6 Bg4 12. Nbc3 hxg3 13. dxc7 gxf2+ 14. Rxf2 Qxc7 15. Qd3 Ne7 16. Ne4 Rd8 17. Qc2 Bxe2 18. Qxe2 Rg8+ 19. Kh1 Rg6 20. Bd2 Qe5 21. Qf3 f5 22. Bc3 Qxe4 23. Qxe4 fxe4 24. Raf1 Rd3 25. Rf8+ Kd7 26. R8f7 Rxe3 27. Be5 Rf3 28. Rd1+ Ke6 0-1


[Site "https://www.chess.com"]

[Event "Titled Tuesday Blitz January 10 Early 2023"]
[White "Barbashin, Igor"]
[Black "Begunov, Konstantin"]
[WhiteFideId "4155718"]
[BlackFideId "4118510"]
[WhiteElo "2169"]
[BlackElo "2325"]
[Result "0-1"]
[Round "04"]
[TimeControl "180+2"]
[Date "2023.01.10"]
[WhiteClock "0:00:01"]
[BlackClock "0:00:48"]

1. d4 d5 2. c4 c6 3. Nc3 Nf6 4. Nf3 dxc4 5. a4 Bg4 6. Ne5 Bh5 7. Nxc4 e6 8. f3 c5 9. Be3 Nd5 10. Bf2 cxd4 11. Qxd4 Nc6 12. Qd2 Nxc3 13. Qxd8+ Rxd8 14. bxc3 f6 15. e4 e5 16. a5 Bf7 17. a6 b6 18. Nxb6 axb6 19. Bb5 Kd7 20. Bxb6 Bd6 21. a7 Rc8 22. Ke2 Ke7 23. Bxc6 Rxc6 24. a8=Q Rxa8 25. Rxa8 Rxb6 26. Ra7+ Ke6 0-1


[Site "https://www.chess.com"]

[Event "Titled Tuesday Blitz January 10 Early 2023"]
[White "Novikov, Evgenij"]
[Black "Riverol, Jose"]
[WhiteFideId "4125380"]
[BlackFideId "3000427"]
[WhiteElo "2276"]
[BlackElo "2304"]
[Result "1/2-1/2"]
[Round "04"]
[TimeControl "180+2"]
[Date "2023.01.10"]
[WhiteClock "0:00:53"]
[BlackClock "0:01:24"]

1. e4 c5 2. Nf3 Nc6 3. Bb5 Na5 4. O-O a6 5. Be2 d6 6. b3 Nf6 7. Nc3 e6 8. Bb2 Be7 9. d4 cxd4 10. Qxd4 Nc6 11. Qd2 b5 12. a3 O-O 13. Rad1 Qc7 14. Bd3 Bb7 15. Ne2 Rfd8 16. Ng3 Rac8 17. Rfe1 Ne5 18. Nxe5 dxe5 19. Qe2 Rd7 20. h4 Rcd8 21. h5 h6 22. Qf3 Bc6 23. Qe2 Nh7 24. Nf1 Nf6 25. Nh2 Bc5 26. Ra1 Bd4 27. Bxd4 Rxd4 1/2-1/2


[Site "https://www.chess.com"]

[Event "Titled Tuesday Blitz January 10 Early 2023"]
[White "Della Corte, Alessandro"]
[Black "Marin Ramirez, Gerardo"]
[WhiteFideId "813540"]
[BlackFideId "3901068"]
[WhiteElo "2160"]
[BlackElo "2127"]
[Result "1-0"]
[Round "04"]
[TimeControl "180+2"]
[Date "2023.01.10"]
[WhiteClock "0:01:50"]
[BlackClock "0:00:22"]

1. d4 d5 2. Nf3 Nf6 3. c4 c6 4. cxd5 cxd5 5. Nc3 Qb6 6. e3 a6 7. Bd3 Bg4 8. O-O e6 9. Qc2 Nbd7 10. Ne5 Nxe5 11. dxe5 Nd7 12. e4 d4 13. Ne2 Bxe2 14. Bxe2 Nxe5 15. Bf4 Nc6 16. Rac1 Be7 17. e5 O-O 18. Bd3 g6 19. Qe2 Rfd8 20. g3 Rac8 21. h4 Bf8 22. Bg5 Rd7 23. Bf6 Bg7 24. h5 Qa5 25. a3 Rdc7 26. Rcd1 Nxe5 27. Bxg7 Kxg7 28. b4 Qd5 29. Be4 Qd6 30. Qd2 gxh5 31. Qxd4 Qxd4 32. Rxd4 f5 33. Bg2 Kf6 34. Re1 Re7 35. Rd6 1-0


[Site "https://www.chess.com"]

[Event "Titled Tuesday Blitz January 10 Early 2023"]
[White "Sailer, Mike"]
[Black "Tymrakiewicz, Rafal"]
[WhiteFideId "2012901"]
[BlackFideId "1108832"]
[WhiteElo "2109"]
[BlackElo "2144"]
[Result "0-1"]
[Round "04"]
[TimeControl "180+2"]
[Date "2023.01.10"]
[WhiteClock "0:00:28"]
[BlackClock "0:00:34"]

1. d4 e6 2. Bf4 c5 3. e3 Qb6 4. Nc3 Nf6 5. Rb1 a6 6. Nf3 Nc6 7. Be2 Be7 8. O-O O-O 9. Na4 Qa5 10. Nxc5 b6 11. Nb3 Qxa2 12. Qc1 Na5 13. Nfd2 Nxb3 14. Nxb3 Qa4 15. Bf3 d5 16. Nd2 Bb7 17. c3 Rfc8 18. Bd1 Qd7 19. Bc2 b5 20. Nf3 b4 21. Ne5 Qe8 22. Bd3 g6 23. Qd2 a5 24. Rfc1 Nd7 25. Qe2 Nxe5 26. Bxe5 bxc3 27. bxc3 Bc6 28. c4 dxc4 29. Bxc4 a4 30. Bb5 Bxb5 31. Rxc8 Bxe2 32. Rxe8+ Rxe8 0-1


[Site "https://www.chess.com"]